 Dungeon Crawl Stone Soup version 0.21-a0-476-gd103f4b (webtiles) character file.

199 Laiders the Covert (level 5, -2/26 HPs)
             Began as a Vine Stalker Assassin on Nov 22, 2017.
             Slain by a wyvern skeleton (4 damage)
             ... on level 4 of the Dungeon.
             The game lasted 00:11:13 (3167 turns).

Laiders the Covert (Vine Stalker Assassin)          Turns: 3167, Time: 00:11:13

Health: -2/26      AC:  7    Str: 13    XL:     5   Next: 77%
Magic:  0/6        EV: 10    Int: 11    God:
Gold:   175        SH:  0    Dex: 21    Spells: 4/4 levels left

rFire    . . .     SeeInvis .   p - +0 dagger (venom)
rCold    . . .     Gourm    .   (no shield)
rNeg     . . .     Faith    .   w - +0 ring mail
rPois    .         Spirit   +   y - +0 helmet
rElec    .         Reflect  .   d - +0 cloak
rCorr    .         Harm     .   (no gloves)
MR       .....                  (no boots)
Stlth    ++++......             (no amulet)
HPRegen  0.48/turn              v - +4 ring of dexterity
MPRegen  0.10/turn              (no ring)

@: no status effects
A: fangs 2, regeneration 1, magic shield, antimagic bite, no potion heal 3, rot
immunity
a: no special abilities


You were on level 4 of the Dungeon.
You were not hungry.

You visited 1 branch of the dungeon, and saw 4 of its levels.

You collected 175 gold pieces.

Inventory:

Hand Weapons
 b - a +0 blowgun
 p - a +0 dagger of venom (weapon)
Missiles
 e - 20 poisoned needles
 f - 2 curare-tipped needles
 r - 72 stones (quivered)
 s - 8 javelins
 t - 15 tomahawks
Armour
 d - a +0 cloak (worn)
 w - a +0 ring mail (worn)
 y - a +0 helmet (worn)
Jewellery
 h - an uncursed ring of fire
 v - a +4 ring of dexterity (left hand)
Scrolls
 k - a scroll of noise {unknown}
 l - 2 scrolls of teleportation
 o - a scroll of fog {unknown}
 q - 2 scrolls of remove curse
 A - a scroll of magic mapping {unknown}
Potions
 c - a potion of heal wounds {unknown}
 i - a potion of cancellation
 j - a potion of agility
 n - a potion of curing
 u - a potion of mutation {unknown}
 x - a potion of haste {unknown}
 z - a potion of lignification {unknown}
Comestibles
 a - 4 chunks of flesh
 g - 2 bread rations
 m - a fruit


   Skills:
 - Level 1.7 Fighting
 - Level 1.7 Short Blades
 - Level 1.7 Throwing
 - Level 0.7 Dodging
 + Level 8.7 Stealth


You had 4 spell levels left.
You didn't know any spells.

Dungeon Overview and Level Annotations

Branches:
Dungeon (4/15)
 Temple: D:4-7

Altars:
Elyvilon
Okawaru


Innate Abilities, Weirdness & Mutations

You have extremely sharp teeth.
Your natural rate of healing is unusually fast.
When hurt, damage is shared between your health and your magic reserves.
Your bite disrupts and absorbs the magic of your enemies.
Potions cannot restore your health.
You are immune to rotting.


Message History

The wyvern skeleton is severely damaged.
The wyvern skeleton closely misses you. The wyvern skeleton bites you!
* * * LOW HITPOINT WARNING * * *
You hit the wyvern skeleton.
You bite the wyvern skeleton, but do no damage.
The wyvern skeleton is almost destroyed.
The wyvern skeleton closely misses you.
You barely miss the wyvern skeleton. You bite the wyvern skeleton.
You drain its power.
You feel invigorated.
The wyvern skeleton is almost destroyed.
The wyvern skeleton bites you but does no damage.
You hit the wyvern skeleton.
The wyvern skeleton is almost destroyed.
The wyvern skeleton barely misses you.
You hit the wyvern skeleton but do no damage.
The wyvern skeleton is almost destroyed.
The wyvern skeleton bites you.
* * * LOW HITPOINT WARNING * * *
The wyvern skeleton bites you!
You die...

####...####......#
#.............#
#........###+##
###......#
###......#
#........#
#...######
#...######
#....@Z..#
#........#
###......#
#......# #......#
.......# ...######
....#


You could see a wyvern skeleton.

Vanquished Creatures
  An orc wizard (D:3)
  3 gnolls (D:2)
  3 adders
  3 worms
  3 dart slugs
  2 leopard geckos (D:1)
  13 orcs (D:3)
  11 bats
  5 giant cockroaches
  10 goblins
  8 hobgoblins
  2 jackals (D:1)
  9 kobolds
  3 frilled lizards
  6 rats
82 creatures vanquished.

Notes
Turn   | Place    | Note
-------+----------+-------------------------------------------
     0 | D:1      | Laiders the Vine Stalker Assassin began the quest for the Orb.
     0 | D:1      | Reached XP level 1. HP: 11/11 MP: 2/2
    71 | D:1      | Reached skill level 5 in Stealth
    86 | D:1      | You fall through a shaft!
   129 | D:2      | Reached XP level 2. HP: 12/15 MP: 3/3
   649 | D:2      | Reached skill level 6 in Stealth
   763 | D:2      | Reached XP level 3. HP: 12/18 MP: 4/4
  1182 | D:2      | Reached skill level 7 in Stealth
  1182 | D:2      | Gained mutation: Your natural rate of healing is unusually fast. [Vine Stalker growth]
  1182 | D:2      | Reached XP level 4. HP: 12/23 MP: 2/5
  1266 | D:2      | Found a white marble altar of Elyvilon.
  1276 | D:2      | Found an iron altar of Okawaru.
  2441 | D:3      | Reached XP level 5. HP: 26/26 MP: 6/6
  2500 | D:3      | Reached skill level 8 in Stealth
  3167 | D:4      | Slain by a wyvern skeleton

Vault maps used:
D:1:      tarquinn_simple_flora_water_b, columned_hall_lemuel,
          grunt_decor_mini_mirrors, minmay_bisected
D:2:      amethyst_overflow_temple_binary, first_bread
D:4:      mrwooster_statue_mirror, uniq_duvessa

Skill      XL: |  1  2  3  4  5 |
---------------+----------------+-----
Stealth        | 5 6 7 8 |  8.7
Fighting       | |  1.7
Short Blades   | |  1.7
Throwing       | |  1.7
Dodging        | |  0.7

Action                   |  1- 3 |  4- 6 || total
-------------------------+-------+-------++-------
Melee: Dagger            |    72 |   138 ||   210
       Bite              |    29 |    39 ||    68
  Use: Scroll            |     2 |     3 ||     5
 Stab: Sleeping          |     2 |    17 ||    19
       Distracted        |       |     1 ||     1
  Eat: Chunk             |     1 |     6 ||     7
Armor: Robe              |     4 |       ||     4
       Leather armour    |    29 |    44 ||    73
       Ring mail         |       |     4 ||     4
Dodge: Dodged            |    50 |    97 ||   147

Table legend:
 A = Spawn XP
 B = Non-spawn XP
 C = Spawn XP percentage of total XP
 D = Spawn monster count
 E = Non-spawn monster count
 F = Spawn count percentage of total count
 G = Total turns spent on level
                    A         B        C        D         E        F      G
               +---------+---------+-------+---------+---------+-------+---------
         Total |       0 |     285 |   0.0 |       0 |      82 |   0.0 |  3167
               +---------+---------+-------+---------+---------+-------+---------
           D:1 |       0 |      46 |   0.0 |       0 |      26 |   0.0 |   720
           D:2 |       0 |      95 |   0.0 |       0 |      21 |   0.0 |  1570
           D:3 |       0 |     118 |   0.0 |       0 |      33 |   0.0 |   813
           D:4 |       0 |      26 |   0.0 |       0 |       2 |   0.0 |    64
               +---------+---------+-------+---------+---------+-------+---------
